 Dungeon Crawl Stone Soup version 0.24-a0-516-g9de272bb65 (webtiles) character file.

Game seed: 16296175790621805464

550 Gargoyl the Skirmisher (level 7, -1/88 HPs)
             Began as a Centaur Abyssal Knight on July 22, 2019.
             Was a Follower of Lugonu.
             Succumbed to a killer bee's poison
             ... on level 4 of the Dungeon.
             The game lasted 00:05:00 (3749 turns).

Gargoyl the Skirmisher (Centaur Abyssal Knight)     Turns: 3749, Time: 00:05:01

Health: -1/88      AC: 10    Str: 24    XL:     7   Next: 7%
Magic:  0/9        EV:  9    Int: 11    God:    Lugonu [*.....]
Gold:   202        SH:  0    Dex: 14    Spells: 6/6 levels left

rFire    . . .     SeeInvis .   a - +1 hand axe
rCold    . . .     Gourm    .   (no shield)
rNeg     . . .     Faith    .   i - +1 ring mail
rPois    .         Spirit   +   f - +2 helmet
rElec    .         Reflect  .   (no cloak)
rCorr    .         Harm     .   (no gloves)
MR       .....                  (no barding)
Stlth    ..........             e - amulet of guardian spirit
HPRegen  0.24/turn              m - +4 ring of dexterity
MPRegen  0.11/turn              l - +4 ring of strength

@: berserking (expiring), lethally poisoned (-1 -> -17), lightly drained, very
quick
A: large, hooves 3, deformed body, speed 2, tough skin 3
a: Depart the Abyss, Renounce Religion


You were on level 4 of the Dungeon.
You worshipped Lugonu.
Lugonu was aware of your devotion.
You were hungry.

You visited 1 branch of the dungeon, and saw 4 of its levels.
You visited the Abyss 1 time.

You collected 202 gold pieces.

Inventory:

Hand Weapons
 a - a +1 hand axe (weapon)
Missiles
 j - 6 boomerangs (quivered)
Armour
 f - a +2 helmet (worn)
 i - a +1 ring mail (worn)
Jewellery
 e - an amulet of guardian spirit (around neck)
 l - a +4 ring of strength (right hand)
 m - a +4 ring of dexterity (left hand)
Scrolls
 b - 2 scrolls of enchant weapon {unknown}
 g - 2 scrolls of enchant armour
Potions
 d - a potion of cancellation {unknown}
Comestibles
 c - 4 rations


   Skills:
 + Level 4.0(3.9) Fighting
 + Level 3.4(3.3) Axes
 + Level 0.2(0.1) Throwing
 * Level 3.6(3.5) Armour
 * Level 2.2(2.1) Dodging
 * Level 3.6(3.5) Invocations


You had 6 spell levels left.
You didn't know any spells.
Your spell library was empty.

Dungeon Overview and Level Annotations

Branches:
Dungeon (4/15)             Temple (0/1) D:4

Altars:
Ashenzari
Elyvilon


Innate Abilities, Weirdness & Mutations

You have hooves in place of feet.
Armour fits poorly on your strangely shaped body.
You cover ground very quickly.
You have extremely tough skin. (AC +3)


Message History

You feel sick. The killer bee stings you.
* * * LOW HITPOINT WARNING * * *
The killer bee barely misses you.
You slash the killer bee! Your kick misses the killer bee.
The killer bee is almost dead.
You are feeling hungry.
* * * LOW HITPOINT WARNING * * *
You feel sick.
The killer bee stings you but does no damage.
You miss the killer bee.
The killer bee is almost dead.
The killer bee stings you!
* * * LOW HITPOINT WARNING * * *
You are more poisoned.
The killer bee poisons you! The killer bee closely misses you.
You miss the killer bee. You kick the killer bee.
You kill the killer bee!
Lugonu accepts your kill.
You have reached level 7!
You die...

.# ...g.#. .##.###
#....$## ........
#......# ###.###.
.##.#.#.### ......
....<.go..#
####.##
####.g#y#y# .
..#..#y#.# #
#########.#..#)# #
# #.....#.#.#..#@#
###.#.....#.#..#.#
....#.#)..#.#..#.#
.....).<#.#.#....#
).##.).##†#.####.#
#.##.##...#'#....#
......#.......####
..............#
...⌠..#.......#


You could see a gnoll shaman, 2 killer bees and an orc.

Vanquished Creatures
  An ogre (D:4)
  3 killer bees (D:4)
  4 wights
  An orc wizard (D:4)
  A worker ant (D:3)
  5 gnolls
  2 adders
  An ooze (D:2)
  An adder skeleton (D:4)
  A worm (D:2)
  A dart slug (D:3)
  A leopard gecko (D:3)
  3 orcs
  2 bats
  A giant cockroach (D:3)
  4 goblins
  2 hobgoblins
  4 quokkas
  A ball python (D:1)
  4 frilled lizards
  5 kobolds
  3 rats (D:1)
51 creatures vanquished.

Notes
Turn   | Place    | Note
-------+----------+-------------------------------------------
     0 | Abyss:1  | Gargoyl the Centaur Abyssal Knight began the quest for the
                  | Orb.
     0 | Abyss:1  | Reached XP level 1. HP: 19/19 MP: 2/2
    52 | Abyss:1  | Noticed a large abomination
    62 | Abyss:1  | Noticed a thrashing horror
    65 | D:1      | Escaped the Abyss
   234 | D:1      | Reached * piety under Lugonu
   566 | D:1      | Reached XP level 2. HP: 24/26 MP: 1/3
   969 | D:2      | Found a faded altar of an unknown god.
  1160 | D:2      | Reached skill level 1 in Dodging
  1299 | D:3      | Found a shattered altar of Ashenzari.
  1299 | D:3      | Noticed a wight
  1299 | D:3      | Noticed a wight
  1326 | D:2      | Killed a wight
  1326 | D:2      | Reached XP level 3. HP: 12/31 MP: 1/4
  1326 | D:2      | Reached XP level 4. HP: 15/38 MP: 1/5
  1823 | D:2      | Reached XP level 5. HP: 27/46 MP: 2/7
  2389 | D:3      | Found a white marble altar of Elyvilon.
  2568 | D:4      | Found a staircase to the Ecumenical Temple.
  2741 | D:4      | Reached XP level 6. HP: 29/52 MP: 3/8
  3248 | D:4      | HP: 2/52 [ogre/cursed +0 giant club (17)]
  3740 | D:4      | Reached skill level 4 in Fighting
  3748 | D:4      | HP: 1/78 [killer bee (6)]
  3749 | D:4      | Reached XP level 7. HP: 1/59 MP: 0/9
  3749 | D:4      | Succumbed to a killer bee's poison

Levels and vault maps discovered:
D:1:      dpeg_arrival_long_road, layout_basic, serial_corexii_hall,
          chequers_hall_statues_wall_a, chequers_hall_statues_corner_a
D:2:      layout_rooms, chequers_ecumenical_altar_grove
D:3:      layout_basic, cheibrodos_ashenzari_chains, elyvilon_altar_5,
          first_ration
D:4:      layout_basic, kennysheep_slug_shrine, minmay_temple_entry_large_hall,
          trog_eyes_of_draining

Skill      XL: |  1  2  3  4  5  6 |
---------------+-------------------+-----
Axes           | 2 3 |  3.4
Dodging        | 1 2 |  2.2
Armour         | 2 3 |  3.6
Invocations    | 3 |  3.6
Fighting       | 4 |  4.0
Throwing       | |  0.2

Action                   |  1- 3 |  4- 6 |  7- 9 || total
-------------------------+-------+-------+-------++-------
Melee: Hand axe          |    79 |   126 |       ||   205
       Kick              |    15 |    33 |       ||    48
Throw: Boomerang         |       |     4 |       ||     4
Invok: Depart the Abyss  |     1 |       |       ||     1
  Use: Potion            |     1 |     4 |       ||     5
       Scroll            |       |     6 |       ||     6
  Eat: Chunk             |       |     7 |       ||     7
Armor: Ring mail         |    52 |    63 |       ||   115
       Leather armour    |     3 |       |       ||     3
Dodge: Dodged            |    42 |    93 |       ||   135

Table legend:
 A = Non-vault XP
 B = Vault XP
 C = Vault XP percentage of total XP
 D = Non-vault monster count
 E = Vault monster count
 F = Vault count percentage of total count
                 A         B        C        D         E       F
            +---------+---------+-------+---------+---------+-------
      Total |     786 |       0 |   0.0 |      51 |       0 |   0.0
            +---------+---------+-------+---------+---------+-------
        D:1 |      20 |       0 |   0.0 |      14 |       0 |   0.0
        D:2 |     197 |       0 |   0.0 |      11 |       0 |   0.0
        D:3 |     157 |       0 |   0.0 |      14 |       0 |   0.0
        D:4 |     412 |       0 |   0.0 |      12 |       0 |   0.0
            +---------+---------+-------+---------+---------+-------
